 Dungeon Crawl Stone Soup version 0.32-a0-42-ga30500b4d3 (webtiles) character file.

Game seed: 9423837794678959765

46 cforsyth the Magician (level 3, -2/30 HPs)
             Began as a Djinni Reaver on Jan 26, 2024.
             Splashed by a jelly's acid (9 damage)
             ... on level 4 of the Dungeon.
             The game lasted 00:01:40 (1244 turns).

cforsyth the Magician (Djinni Reaver)               Turns: 1244, Time: 00:01:41

Health: -2/30      AC: -1    Str: 11    XL:     3   Next: 92%
Gold:   109        EV: 11    Int: 16    God:
                   SH:  0    Dex: 11

rFire   + + .        a - +0 short sword
rCold   x . .        (no shield)
rNeg    . . .        b - +0 leather armour
rPois   ∞            (no helmet)
rElec   .            (no cloak)
rCorr   .            (no gloves)
SInv    .            (boots unavailable)
Will    .....        (no amulet)
Stlth   +            (no ring)
HPRegen 0.25/turn    (no ring)
MPRegen 0.00/turn

%: infuse magic (-3 HP)
@: corroded, flying, very slightly contaminated
A: sickness immunity, fire resistance 2, cold vulnerability 1, float, innate
caster, HP casting, extra vitality 1
a: no special abilities


You were on level 4 of the Dungeon.
You visited 1 branch of the dungeon, and saw 3 of its levels.

You collected 109 gold pieces.

Inventory:

Hand Weapons
 a - a +0 short sword (weapon)
Armour
 b - a +0 leather armour (worn)
Jewellery
 f - a ring of resist corrosion
Scrolls
 c - a scroll of butterflies {unknown}
 e - a scroll of immolation {unknown}
 h - a scroll of poison {unknown}
 i - 3 scrolls of identify {unknown}
 j - a scroll of teleportation {unknown}
 k - 2 scrolls of noise {unknown}
 n - a scroll of fog {unknown}
Potions
 d - 2 potions of curing {unknown}
 g - 2 potions of heal wounds {unknown}
 l - a potion of enlightenment {unknown}
 m - a potion of berserk rage {unknown}
 o - 2 potions of cancellation {unknown}
 p - a potion of haste {unknown}
 q - a potion of brilliance {unknown}


   Skills:
 + Level 3.1 Fighting
 - Level 2.6 Short Blades
 - Level 2.1 Dodging
 + Level 3.4 Spellcasting
 + Level 3.4 Conjurations
 + Level 3.4 Hexes
 + Level 3.4 Summonings
 + Level 3.4 Necromancy
 + Level 3.4 Translocations
 + Level 3.4 Fire Magic
 + Level 3.4 Ice Magic
 + Level 3.4 Air Magic
 + Level 3.4 Earth Magic
 + Level 3.4 Alchemy


You knew the following spells:

 Your Spells              Type           Power      Damage    Failure   Level
a - Kiss of Death         Conj/Necr      52%        2d9       6%          1
b - Momentum Strike       Conj/Tloc      26%        3d8       9%          2
c - Hailstorm             Conj/Ice       13%        3d6       17%         3
d - Shock                 Conj/Air       52%        1d6       6%          1
Your spell library was empty.

Dungeon Overview and Level Annotations

Branches:
Dungeon (2/15)

Altars:


Innate Abilities, Weirdness & Mutations

You are immune to sickness and miasma.
You are immune to poison.
Your flesh is very heat resistant. (rF++)
You are vulnerable to cold. (rC-)
You float through the air rather than walking.
You learn spells naturally, not from books.
Your magical power is your life essence.
You have superior vitality. (+4 MHP)


Message History

The shaft crumbles and collapses.
Found a scroll labelled EMPEXA MEANN.
i - 3 scrolls labelled EMPEXA MEANN (gained 1)
A jelly comes into view.
A jelly is nearby!
Cast which spell? (? or * to list)
Okay, then.
Casting: Hailstorm (quite dangerous; 17% risk of failure)
Confirm with . or Enter, or press ? or * to list all spells.
Casting: Hailstorm (quite dangerous; 17% risk of failure)
Press: ? - help, Dir - look around, f - activate You miscast Hailstorm.
You are very lightly contaminated with residual magic.
Nothing appears to happen.
Casting: Hailstorm (quite dangerous; 17% risk of failure)
Confirm with . or Enter, or press ? or * to list all spells.
Okay, then.
Unknown command.
The zap hits the jelly.
The jelly is moderately wounded.
The zap hits the jelly.
The jelly is moderately wounded.
The jelly hits you but does no damage.
The zap hits the jelly.
The jelly is heavily wounded.
The jelly hits you. The acid corrodes you!
You are splashed with acid!
You are too injured to fight recklessly!
You are too injured to fight recklessly!
You are too injured to fight recklessly!
Casting: Shock (safe; 6% risk of failure)
Confirm with . or Enter, or press ? or * to list all spells.
Aiming: Shock (safe; 6% risk of failure)
Press: ? - help, Shift-Dir - straight line, f/p - jelly
Aim: a jelly (heavily wounded, 100% to hit)
The zap hits the jelly.
The jelly is severely wounded.
The jelly hits you.
* * * LOW HITPOINT WARNING * * *
You are splashed with acid!
You die...

#.. #.#
#.# #.#
#.# #.#
#.## #..#
##@# #J#
#........
#..###..#
#..# #...
##.## .#
.#


You could see a jelly.

Vanquished Creatures
  A dart slug (D:2)
  3 ball pythons
  6 bats
  3 endoplasms (D:2)
  4 goblins
  2 hobgoblins (D:2)
  5 jackals (D:2)
  3 kobolds
  2 quokkas (D:1)
  5 frilled lizards
  7 rats
41 creatures vanquished.

Notes
Turn   | Place    | Note
-------+----------+-------------------------------------------
     0 | D:1      | cforsyth the Djinni Reaver began the quest for the Orb.
     0 | D:1      | cforsyth set off with the following spells memorised: Kiss
                  | of Death, Momentum Strike, Hailstorm.
     0 | D:1      | Reached XP level 1. HP: 18/18 MP: 0/0
   130 | D:1      | Reached XP level 2. HP: 20/23 MP: 0/0
   607 | D:2      | Reached XP level 3. HP: 26/29 MP: 0/0
   607 | D:2      | Learned a level 1 spell: Shock
  1232 | D:2      | You are sucked into a shaft and drop 2 floors!
  1244 | D:4      | Splashed by a jelly's acid

Illustrated notes

Levels and vault maps discovered:
D:1:      saegor_arrival_simple_c, layout_basic, minmay_small_reverse_x
D:2:      minmay_skewed_foursquare, layout_rooms
D:4:      layout_loops_ring, cheibrodos_ashenzari_chains,
          nicolae_uskayaw_en_pointe, minmay_manual_monstrance

Skill      XL: |  1  2  3 |
---------------+----------+-----
Spellcasting   | 3 |  3.4
Conjurations   | 3 |  3.4
Hexes          | 3 |  3.4
Summonings     | 3 |  3.4
Necromancy     | 3 |  3.4
Translocations | 3 |  3.4
Fire Magic     | 3 |  3.4
Ice Magic      | 3 |  3.4
Air Magic      | 3 |  3.4
Earth Magic    | 3 |  3.4
Alchemy        | 3 |  3.4
Fighting       | 3 |  3.1
Short Blades   | |  2.6
Dodging        | |  2.1

Action                     || total
---------------------------++-------
  Melee: Short sword       ||   172
         Punch             ||     1
   Cast: Shock             ||     4
 Armour: Leather armour    ||   108
  Dodge: Dodged            ||   116

Table legend: (Time is in decaauts)
 A = Elapsed time spent in this place.
 B = Non-inter-level travel time spent in this place.
 C = Inter-level travel time spent in this place.
 D = Time resting spent in this place.
 E = Time spent auto-exploring this place.
 F = Levels seen in this place.
 G = Mean time per level.
                   A        B        C        D        E       F      G
               +--------+--------+--------+--------+--------+-----+--------+
         Total |   1221 |   1199 |     22 |      0 |    911 |   3 |  407.0 |
       Dungeon |   1221 |   1199 |     22 |      0 |    911 |   3 |  407.0 |
               +--------+--------+--------+--------+--------+-----+--------+

Top non-repeatable levels by time:
     D:2: 616 daAuts
     D:1: 593 daAuts
     D:4: 11 daAuts
